Unix NetHack Version 5.0.0-0 post-release - last build Jun 10 2026 00:39:30 (3ee93aec679c4c4259841fe613dc97188e26a321,branch:main).

Game began 2026-06-14 07:41:15, ended 2026-06-14 07:44:45.

DiePARTEI, neutral male human Tourist

                                             --------          ---------------
                                             |......|          +.............|
                                            #|......|          |.............|
                                           ##-%.....|  ########..............|
             --------------                 #|.......###       ---.-----------
  ------     |............+      -----#######|......|            ##
  |....| ####-........{...|      |..>.#      |......|            #
  |....-#####|............|     #|...|       --------            #
  |....|    #-......<.....|    ##....|                           #
  ------     |............-######-----                           #
             --------------                                    --.------------
                                                               |.............|
                                                               |.....)))P@d..|
                                                               |.............|
                                                               ---------------

DiePARTEI the Sightseer     St:14 Dx:12 Co:13 In:13 Wi:3 Ch:17  Neutral
Dlvl:1  $:0  HP:0(36) Pw:13(13) AC:10 Xp:4 T:203 

Latest messages:
 You swap places with your little dog.
 You see here a lichen corpse.
 p - a lichen corpse.
 You hear a gurgling noise.
 You see here a cloth spellbook.
 q - a cloth spellbook.
 You swap places with your little dog.
 You see here a magenta potion.
 r - a magenta potion.
 What do you want to drink? [r or ?*] r
 Yecch!  This stuff tastes like poison.
 Your judgement is impaired.
 In what direction? 4
 The dart misses the black pudding.
 In what direction? 4
 The dart misses the little dog.
 The little dog picks up a +2 dart.
 In what direction? 4
 The dart misses the black pudding.
 In what direction? 4
 The dart hits the black pudding.
 The little dog drops a +2 dart.
 In what direction? 4
 The dart hits the black pudding.
 The dart corrodes!
 In what direction? 4
 The dart hits the black pudding.
 The dart corrodes!
 In what direction? 4
 The dart hits the black pudding.
 The dart corrodes!
 In what direction? 4
 The dart hits the black pudding.
 The dart corrodes!
 The little dog picks up a +2 dart.
 You miss the black pudding.
 You hit the black pudding.
 The black pudding bites!
 Your Hawaiian shirt is not affected by corrosion.
 The little dog drops a +2 dart.
 You hit the black pudding.
 You miss the black pudding.
 You miss the black pudding.
 You hit the black pudding.
 You hit the black pudding.
 The black pudding bites!
 Your Hawaiian shirt is not affected by corrosion.
 You die...
 Do you want your possessions identified? [ynq] (y) y
 Do you want to see your attributes? [ynq] (y) q

Inventory:
 Weapons  (')')
  a - 31 +2 darts (at the ready)
  m - 27 +0 darts
  k - 8 cursed -2 darts
 Armor    ('[')
  h - an uncursed +0 Hawaiian shirt with a toucan motif (being worn)
 Comestibles  ('%')
  b - an uncursed candy bar labeled "Om-nom"
  c - 7 uncursed food rations
  d - 4 uncursed tripe rations
  e - an uncursed homemade tin of newt meat
  p - an uncursed lichen corpse
 Scrolls  ('?')
  g - 4 uncursed scrolls of magic mapping
 Spellbooks  ('+')
  q - an uncursed spellbook of detect monsters
 Tools    ('(')
  j - an uncursed credit card
  i - an expensive camera (0:64)
  l - a cursed mirror
 Gems/Stones  ('*')
  n - an uncursed luckstone

DiePARTEI the Tourist's attributes:

Background:
 You were a Sightseer, a level 4 male human Tourist.
 You were neutral, on a mission for The Lady
 who was opposed by Blind Io (lawful) and Offler (chaotic).
 You were right-handed.
 You were in the Dungeons of Doom, on level 1.
 You entered the dungeon 203 turns ago.
 There was a new moon in effect when your adventure ended.
 You had 83 experience points, 77 more were needed to attain level 5.

Basics:
 You had 0 out of 36 hit points.
 You had all 13 energy points (spell power).
 Your armor class was 10.
 Your wallet was empty.
 Autopickup was off.

Final Characteristics:
 Your strength was 14 (limit:18/100).
 Your dexterity was 12 (limit:18).
 Your constitution was 13 (limit:18).
 Your intelligence was 13 (limit:18).
 Your wisdom was 3 (peak:7, limit:18).
 Your charisma was 17 (limit:18).

Final Status:
 You weren't hungry.
 You were unencumbered.
 You were bare handed.
 You were unskilled in bare handed combat.

Final Attributes:
 You were nominally aligned.
 You were lucky.
 You had extra luck.
 Bad luck did not time out for you.
 Good luck did not time out for you.
 You are dead.

Miscellaneous:
 You didn't encounter any bones levels.
 Total elapsed playing time was 3 minutes and 29 seconds.

Major events:
 Turn
    1: DiePARTEI the neutral male human Tourist entered the dungeon
  141: attained the rank of Sightseer (level 3)
  203: killed by a black pudding

You didn't know any spells.

Skills:
 Fighting Skills
   bare handed combat [Unskilled]
   two weapon combat  [Unskilled]
   riding             [Unskilled]
 Weapon Skills
   dagger             [Unskilled]
   knife              [Unskilled]
   axe                [Unskilled]
   pick-axe           [Unskilled]
   short sword        [Unskilled]
   broadsword         [Unskilled]
   long sword         [Unskilled]
   two-handed sword   [Unskilled]
   saber              [Unskilled]
   mace               [Unskilled]
   morning star       [Unskilled]
   flail              [Unskilled]
   hammer             [Unskilled]
   quarterstaff       [Unskilled]
   polearms           [Unskilled]
   spear              [Unskilled]
   trident            [Unskilled]
   lance              [Unskilled]
   bow                [Unskilled]
   sling              [Unskilled]
   crossbow           [Unskilled]
   dart               [Basic]
   shuriken           [Unskilled]
   boomerang          [Unskilled]
   whip               [Unskilled]
   unicorn horn       [Unskilled]
 Spellcasting Skills
   divination spells  [Unskilled]
   enchantment spells [Unskilled]
   escape spells      [Unskilled]

Voluntary challenges:
 Character rerolling was not enabled.
 You were an atheist.
 You never hit with a wielded weapon.
 You were illiterate.
 You never genocided any monsters.
 You never polymorphed an object.
 You never changed form.
 You used no wishes.
Achievement:
 You attained the rank of Sightseer.

 The Dungeons of Doom:
    Level 1: <- You were here.
       A sink.
       Final resting place for
          you, killed by a black pudding.


Vanquished creatures:
  a sewer rat
  4 grid bugs
  a lichen
  a newt
7 creatures vanquished.

No species were genocided or became extinct.

Game over:
                       ----------
                      /          \
                     /    REST    \
                    /      IN      \
                   /     PEACE      \
                  /                  \
                  |    DiePARTEI     |
                  |       0 Au       |
                  |   killed by a    |
                  |  black pudding   |
                  |                  |
                  |                  |
                  |       2026       |
                 *|     *  *  *      | *
        _________)/\\_//(\/(/\)/\//\/|_)_______

Aloha DiePARTEI the Tourist...

You died in The Dungeons of Doom on dungeon level 1 with 340 points,
and 0 pieces of gold, after 203 moves.
You were level 4 with a maximum of 36 hit points when you died.

